 Dungeon Sprint DCSS version 0.31-a0-851-g7ff8af7976 (webtiles) character file.

Game seed: 596598005286737262

4 sircluck the Ruffian (level 1, -28/22 HPs)
             Began as a Troll Berserker on Oct 6, 2023.
             Was a Follower of Trog.
             Annihilated by a white ugly thing (35 damage)
             ... in the Dungeon (Sprint V: "Ziggurat Sprint").
             The game lasted 00:00:14 (58 turns).

sircluck the Ruffian (Troll Berserker)                Turns: 58, Time: 00:00:14

Health: -28/22     AC:  4    Str: 24    XL:     1   Next: 50%
Magic:  0/0        EV: 10    Int:  3    God:    Trog [*.....]
Gold:   0          SH:  0    Dex:  9    Spells: 0/0 levels left

rFire   . .          .
                       - Unarmed
rCold   . . .        (no shield)
rNeg    . . .        a - +0 animal skin
rPois   .            (helmet restricted)
rElec   .            (no cloak)
rCorr   .            (gloves unavailable)
SInv    .            (boots unavailable)
Will    .....        (no amulet)
Stlth   +            (no ring)
HPRegen 1.03/turn    (no ring)
MPRegen 0.07/turn

%: no teleportation
@: no status effects
A: large, unfitting armour, claws 3, regeneration 1, shaggy fur 1, tough skin 1
a: Renounce Religion, Berserk


You were in the Dungeon.
You worshipped Trog.
Trog was aware of your devotion.
You visited 1 branch

Inventory:

Armour
 a - a +0 animal skin (worn)
Wands
 l - a wand of mindburst (7)
 m - a wand of iceblast (7)
 n - a wand of light (7)
Scrolls
 g - a scroll of blinking
Potions
 b - 10 potions of curing
 c - 10 potions of heal wounds
 d - 6 potions of haste
 e - 7 potions of magic
 f - 3 potions of berserk rage
 h - 2 potions of invisibility
 i - 4 potions of resistance
 j - a potion of experience
 k - 5 potions of might


   Skills:
 + Level 2.8 Fighting
 + Level 2.9 Dodging
 + Level 3.5 Unarmed Combat


You couldn't memorise any spells.
You didn't know any spells.
Your spell library was empty.

Dungeon Overview and Level Annotations

Branches:
Dungeon (1/1)

Altars:
Ashenzari
Cheibriados
Dithmenos
Elyvilon
Fedhas
Gozag
Hepliaklqana
Kikubaaqudgha
Makhleb
Nemelex Xobeh
Okawaru
Qazlal
Ru
Sif Muna
Trog
Uskayaw
Vehumet
Wu Jian
Xom
Yredelemnul
Zin
The Shining One
Jiyva
Lugonu

Annotations:
D 1 transporter


Innate Abilities, Weirdness & Mutations

You are too large for most types of armour.
You have claws for hands.
Your natural rate of healing is unusually fast.
You are covered in fur. (AC +1)
You have tough skin. (AC +1)


Message History

You scratch the ball python zombie but do no damage.
The ball python zombie closely misses you.
You barely miss the ball python zombie.
The ball python zombie barely misses you.
You barely miss the ball python zombie.
The ball python zombie closely misses you.
You scratch the ball python zombie.
The ball python zombie is lightly damaged.
The ball python zombie barely misses you.
You scratch the ball python zombie.
The ball python zombie is heavily damaged.
The ball python zombie barely misses you.
You scratch the ball python zombie.
The ball python zombie is severely damaged.
The ball python zombie closely misses you.
You claw the ball python zombie!
You destroy the ball python zombie!
Trog accepts your kill.
No target in view!
No target in view!
No target in view!
No target in view!
No target in view!
No target in view!
There is a transporter here.
Welcome to arena 2.
You enter the transporter and appear at another place.
A cyan ugly thing, a white ugly thing and a red ugly thing come into view.
The cyan ugly thing gurgles horribly!
The white ugly thing gurgles horribly!
The red ugly thing gurgles horribly!
Found a wand of mindburst (10), a staff of cold and a wand of light (3).
Found a transporter.
Unknown command.
Unknown command.
You barely miss the cyan ugly thing. The cyan ugly thing closely misses you.
The white ugly thing pecks you!
Ouch! That really hurt!
The white ugly thing freezes you!!
Ouch! That really hurt!
You die...

▓▓▓▓▓▓▓▓▓▓▓▓▓
▓.8©8.▓.8©8.▓
▓.//|.▓.....▓
▓.....▓.).).▓
▓.....▓.....▓
▓.uuu.▓.....▓
▓..@..▓..©..▓
▓..©..▓▓▓▓▓▓▓
▓▓▓▓▓▓▓


You could see 3 ugly things.

Vanquished Creatures
  An adder zombie (D)
  A ball python zombie (D)
2 creatures vanquished.

Notes
Turn   | Place    | Note
-------+----------+-------------------------------------------
     0 | D        | sircluck the Troll Berserker began the quest for the Orb.
     0 | D        | Reached XP level 1. HP: 22/22 MP: 0/0
     0 | D        | Found a shimmering blue altar of Sif Muna.
     0 | D        | Found a sacrificial altar of Ru.
     0 | D        | Found a bloodstained altar of Trog.
     0 | D        | Found a stormy altar of Qazlal.
     0 | D        | Found an iron altar of Okawaru.
     0 | D        | Found a sparkling altar of Nemelex Xobeh.
     0 | D        | Found a blossoming altar of Fedhas.
     0 | D        | Found the +6 Majin-Bo {spellvamp, MP+6 Int+6}
     0 | D        | Found the +27 heavy crossbow "Sniper" {heavy, Acc+∞ SInv}
     0 | D        | Found the +10 dark maul {heavy}
     0 | D        | Found the +15 Maxwell's patent armour {-Cast -Tele rElec
                  | Will+ rCorr}
     0 | D        | Found the +18 shield of the Gong {Loud rN+ Will+ rCorr
                  | EV-5}
     0 | D        | Found the +16 obsidian axe {drain, demonic, Mesm Drain Fly
                  | SInv}
     0 | D        | Found the +7 great mace "Firestarter" {flame, immolate,
                  | rFlCloud rF++}
     0 | D        | Found the +6 shillelagh "Devastator" {shatter}
     0 | D        | Found the +11 plutonium sword {Contam Stlth-}
     0 | D        | Found the +8 lance "Wyrmbane" {slay drac, rPois rF+ rC+
                  | AC+3}
     0 | D        | Found the +9 sword of Zonguldrok {reap}
     0 | D        | Found the +13 scythe of Curses {drain, curses, Drain}
     0 | D        | Found the +9 sword of Power {lifebolt}
     0 | D        | Found the +7 mace of Variability {chaos, chaos arc}
     0 | D        | Found the +11 Singing Sword {sonic wave}
     0 | D        | Found the +8 storm bow {elec, penet}
     7 | D        | Found an ancient bone altar of Kikubaaqudgha.
     7 | D        | Found a corrupted altar of Lugonu.
     7 | D        | Found a transporter.
     7 | D        | Found a burning altar of Makhleb.
     7 | D        | Found a viscous altar of Jiyva.
     7 | D        | Found a hazy altar of Hepliaklqana.
    16 | D        | Found an opulent altar of Gozag.
    21 | D        | Entered arena 2.
    21 | D        | Found a transporter.
    56 | D        | Entered arena 3.
    56 | D        | Noticed a cyan ugly thing
    56 | D        | Noticed a white ugly thing
    56 | D        | Noticed a red ugly thing
    56 | D        | Found a transporter.
    58 | D        | Annihilated by a white ugly thing

Illustrated notes

Levels and vault maps discovered:
D:        sprint_v [room_start, room_1, room_2, room_3, room_4, room_5, room_6,
          room_7, room_8, room_9, room_10, room_11, room_12, room_13, room_14,
          room_15, room_16, room_17, room_18, room_19, room_20, room_21,
          room_22, room_23, room_24, room_25, room_26, room_27]

Action                     || total
---------------------------++-------
  Melee: Unarmed           ||    14
 Armour: Animal skin       ||    24
  Dodge: Dodged            ||    25

Table legend: (Time is in decaauts)
 A = Elapsed time spent in this place.
 B = Non-inter-level travel time spent in this place.
 C = Inter-level travel time spent in this place.
 D = Time resting spent in this place.
 E = Time spent auto-exploring this place.
 F = Levels seen in this place.
 G = Mean time per level.
                   A        B        C        D        E       F      G
               +--------+--------+--------+--------+--------+-----+--------+
         Total |     56 |     56 |      0 |      0 |      0 |   1 |   56.0 |
       Dungeon |     56 |     56 |      0 |      0 |      0 |   1 |   56.0 |
               +--------+--------+--------+--------+--------+-----+--------+

Top non-repeatable levels by time:
       D: 56 daAuts
